 Dungeon Crawl Stone Soup version 0.29-a0-330-g52719c12eb (webtiles) character file.

Game seed: 15280208933756898254

646 mopl the Twirler (level 7, 0/56 HPs)
             Began as a Palentonga Gladiator on Apr 15, 2022.
             Killed from afar by a gargoyle (16 damage)
             ... with a stone arrow
             ... on level 5 of the Dungeon.
             The game lasted 00:07:15 (4883 turns).

mopl the Twirler (Palentonga Gladiator)             Turns: 4883, Time: 00:07:17

Health: 0/56       AC: 15    Str: 19    XL:     7   Next: 27%
Magic:  0/7        EV: 10    Int:  8    God:
Gold:   147        SH:  0    Dex: 12    Spells: 6/6 levels left

rFire   . . .      SeeInvis +   a - +0 quarterstaff
rCold   . . .      Faith    .   (shield currently unavailable)
rNeg    . . .      Spirit   +   y - +0 chain mail
rPois   .          Reflect  .   c - +0 helmet
rElec   .          Harm     .   (no cloak)
rCorr   .          Rampage  .   (no gloves)
Will    .....                   (no barding)
Stlth   ..........              G - amulet of guardian spirit
HPRegen 0.18/turn               k - +4 ring of evasion
MPRegen 0.10/turn               (no ring)

@: on berserk cooldown, slowed, curled up, very slow
A: large, rugged brown scales 3, see invisible, deformed body, roll 1, armoured
tail, reflexive curl
a: Rolling Charge


You were on level 5 of the Dungeon.
You visited 1 branch of the dungeon, and saw 5 of its levels.

You collected 217 gold pieces.
You spent 70 gold pieces at shops.

Inventory:

Hand Weapons
 a - a +0 quarterstaff (weapon)
 b - a +2 dagger of venom
 q - a +0 hunting sling
Missiles
 d - 4 throwing nets
 e - a javelin
 h - 120 stones
 s - 6 poisoned darts (quivered)
 t - 3 atropa-tipped darts
 u - 6 curare-tipped darts
 w - 3 boomerangs
Armour
 c - a +0 helmet (worn)
 j - a +0 leather armour of fire resistance
 p - a +0 kite shield
 y - a +0 chain mail (worn)
Magical Staves
 D - a staff of death
Jewellery
 k - a +4 ring of evasion (left hand)
 G - an amulet of guardian spirit (around neck)
Scrolls
 g - 3 scrolls of noise {unknown}
 m - a scroll of enchant armour {unknown}
 o - a scroll of teleportation {unknown}
 r - a scroll of vulnerability {unknown}
 F - a scroll of blinking {unknown}
 H - a scroll of acquirement {unknown}
Potions
 f - 2 potions of mutation {!q}
 i - a potion of heal wounds
 l - a potion of invisibility
 n - a potion of might
 x - 2 potions of brilliance
 z - 2 potions of attraction {unknown}
 A - a potion of curing
 B - a potion of magic {unknown}
 C - a potion of haste {unknown}
 E - a potion of flight {unknown}


   Skills:
 + Level 3.7 Fighting
 * Level 5.5 Staves
 + Level 2.8 Throwing
 + Level 2.2 Armour
 + Level 3.5 Dodging


You had 6 spell levels left.
You didn't know any spells.
Your spell library was empty.

Dungeon Overview and Level Annotations

Branches:
Dungeon (5/15)
 Temple: D:4-7

Altars:
Dithmenos
Hepliaklqana
Xom

Shops:
D:4 *


Innate Abilities, Weirdness & Mutations

You are completely covered in rugged brown scales. (AC +3, +7% HP)
You have supernaturally acute eyesight. (SInv)
Armour fits poorly on your strangely shaped body.
You can roll at nearby foes to attack.
You have a long armoured tail.
You curl defensively after being hit. (AC +7*)


Message History

You aren't carrying any items that you can evoke.
Okay, then.
You see here an adder skeleton.
Things that are here:
a +0 giant club; an ogre skeleton Your +2 dagger of venom stops dripping with poison.
a - a +0 quarterstaff (weapon)
There is a stone staircase leading up here.
Really quaff
v - a potion of berserk rage {!q}?
A red film seems to cover your vision as you go berserk!
You feel yourself moving faster!
You feel mighty!
The gargoyle hurls a stone arrow at you.
The stone arrow hits you!!
Okay, then.
You feel a strong urge to attack something.
The gargoyle hurls a stone arrow at you.
The stone arrow hits you!!
You hit the gargoyle. You tail-slap the gargoyle!
The gargoyle is moderately damaged.
The gargoyle misses you.
You sock the gargoyle! You tail-slap the gargoyle.
The gargoyle is almost destroyed.
You barely miss the gargoyle.
The gargoyle is almost destroyed.
The gargoyle hits you with a +0 flail.
You barely miss the gargoyle.
The gargoyle is almost destroyed.
The gargoyle hurls a stone arrow at you.
The stone arrow hits you!!
* * * LOW HITPOINT WARNING * * *
You barely miss the gargoyle.
The gargoyle is almost destroyed.
You hit the gargoyle but do no damage.
The gargoyle is almost destroyed.
You are no longer berserk.
You are exhausted.
You feel yourself slow down.
The gargoyle hurls a stone arrow at you.
The stone arrow hits you!!
You die...

# # # # #.#############
##### #>.............
..... #####<######### ####
#.# #######@# ####
###.....9.# #...
#.....##### #... #.....#
####..# #.....# #...†.#
#.....# #......
#....9##############.....#
#.........9..............#
#.....####################


You could see a gargoyle.

Vanquished Creatures
  An ogre (D:5)
  A kobold brigand (D:4)
  2 scorpions
  A howler monkey (D:5)
  2 hounds
  3 iguanas (D:4)
  5 gnolls
  5 adders
  A shadow imp (D:5)
  2 worms
  3 dart slugs
  2 orcs
  An endoplasm (D:3)
  3 giant cockroaches
  6 hobgoblins
  12 jackals
  2 quokkas (D:3)
  4 ball pythons
  7 bats
  3 frilled lizards
  10 goblins
  9 kobolds
  8 rats
93 creatures vanquished.

Notes
Turn   | Place    | Note
-------+----------+-------------------------------------------
     0 | D:1      | mopl the Palentonga Gladiator began the quest for the Orb.
     0 | D:1      | Reached XP level 1. HP: 17/17 MP: 1/1
   231 | D:1      | Reached XP level 2. HP: 23/23 MP: 2/2
   376 | D:1      | Reached XP level 3. HP: 22/28 MP: 3/3
   764 | D:2      | Found a faded altar of an unknown god.
  1522 | D:3      | Reached skill level 1 in Armour
  1522 | D:3      | Reached XP level 4. HP: 29/36 MP: 4/4
  1631 | D:3      | Reached skill level 2 in Throwing
  1730 | D:3      | Reached skill level 4 in Staves
  1928 | D:3      | Found a hazy altar of Hepliaklqana.
  2789 | D:4      | Reached XP level 5. HP: 25/41 MP: 5/5
  2968 | D:4      | Identified the ring of Urusor {rCorr Str+6 Dex+6 Slay-6
                  | SInv}
  3063 | D:4      | Found Joucw's General Store.
  3088 | D:4      | Bought a potion of brilliance for 40 gold pieces
  3088 | D:4      | Bought a potion of curing for 30 gold pieces
  3131 | D:4      | HP: 1/42 [iguana (10)]
  3134 | D:4      | Reached skill level 3 in Dodging
  3136 | D:4      | HP: 1/42 [kobold/+0 dagger (1)]
  3288 | D:4      | Reached skill level 3 in Fighting
  3457 | D:4      | Reached XP level 6. HP: 32/50 MP: 6/6
  3725 | D:4      | Found a shimmering altar of Xom.
  4084 | D:4      | Reached skill level 5 in Staves
  4098 | D:4      | Found a shadowy altar of Dithmenos.
  4347 | D:5      | Entered Level 5 of the Dungeon
  4415 | D:5      | Reached skill level 2 in Armour
  4430 | D:5      | Identified the +2 dagger of Glory {flame, *Slow MP+9 Dex+2}
  4443 | D:5      | Gained mutation: You curl defensively after being hit. (AC
                  | +7*) [Palentonga growth]
  4443 | D:5      | Reached XP level 7. HP: 49/55 MP: 7/7
  4833 | D:5      | Noticed a gargoyle
  4883 | D:5      | Killed from afar by a gargoyle

Illustrated notes

Levels and vault maps discovered:
D:1:      dpeg_arrival_castle, layout_loops_ring
D:2:      layout_basic, nicolae_ecumenical_oubliette
D:3:      layout_basic, mainiacjoe_overflow_chevrons
D:4:      layout_basic, grunt_dithmenos_smoke_and_mirrors,
          overflow_temple_1_default, serial_shops, shop, grunt_decor_fettered
D:5:      layout_basic, mainiacjoe_overflow_alcove_1, minmay_ruined_shrine

Skill      XL: |  1  2  3  4  5  6 |
---------------+-------------------+-----
Armour         | 1 2 |  2.2
Throwing       | 2 |  2.8
Staves         | 4 5 |  5.5
Dodging        | 3 |  3.5
Fighting       | 3 |  3.7

Action                   |  1- 3 |  4- 6 |  7- 9 || total
-------------------------+-------+-------+-------++-------
Melee: Quarterstaff      |    58 |       |     6 ||    64
       Tailslap          |    10 |    22 |     7 ||    39
       Dagger            |    38 |   140 |    19 ||   197
       Punch             |       |     3 |       ||     3
 Abil: Rolling Charge    |    24 |    11 |     1 ||    36
  Use: Scroll            |     3 |     3 |       ||     6
       Potion            |       |       |     1 ||     1
Armor: Leather armour    |    48 |    18 |       ||    66
       Ring mail         |     1 |       |       ||     1
       Chain mail        |       |    32 |     4 ||    36
Dodge: Dodged            |    42 |    63 |    10 ||   115

Table legend: (Time is in decaauts)
 A = Elapsed time spent in this place.
 B = Non-inter-level travel time spent in this place.
 C = Inter-level travel time spent in this place.
 D = Time resting spent in this place.
 E = Time spent auto-exploring this place.
 F = Levels seen in this place.
 G = Mean time per level.
                   A        B        C        D        E       F      G
               +--------+--------+--------+--------+--------+-----+--------+
         Total |   4895 |   4789 |    106 |   1928 |   2066 |   5 |  979.0 |
       Dungeon |   4895 |   4789 |    106 |   1928 |   2066 |   5 |  979.0 |
               +--------+--------+--------+--------+--------+-----+--------+

Top non-repeatable levels by time:
     D:4: 1633 daAuts
     D:3: 1284 daAuts
     D:1: 806 daAuts
     D:2: 638 daAuts
     D:5: 532 daAuts
